 Dungeon Crawl Stone Soup version 0.16.1-51-g6203257 (webtiles) character file.

3574 Ladykiller69 the Cleaver (level 10, -3/74 HPs)
             Began as a Formicid Fighter on July 6, 2015.
             Was a High Priest of Cheibriados.
             Shot with a poisoned arrow by Nessos (12 damage)
             ... on level 12 of the Dungeon on July 12, 2015.
             The game lasted 00:32:42 (8340 turns).

Ladykiller69 the Cleaver (Formicid Fighter)         Turns: 8340, Time: 00:32:42

Health: -3/74      AC: 14    Str: 36    XL:     10   Next: 31%
Magic:  19/19      EV:  8    Int: 18    God:    Cheibriados [*****.]
Gold:   440        SH: 14    Dex: 23    Spells: 0 memorised, 9 levels left

rFire  x . .     SeeInvis +     a - +0 war axe
rCold  . . .     Clarity  .     y - +0 plate armour
rNeg   . . .     SustAb   .     c - +0 shield
rPois  .         Gourm    .     (helmet unavailable)
rElec  .         Spirit   .     l - +0 cloak (curse)
rCorr  .         Warding  .     (no gloves)
rMut   .         Stasis   +     r - +0 pair of boots
MR     .....                    P - amulet of stasis
Stlth  ..........               (no ring)
                                M - ring "Gruyfoal" {+Fly rF- MR- Dex+2 SInv Stlth+}

@: lethally poisoned (-3 -> -17), very slow, not resistant to hostile
enchantments, extremely unstealthy
A: permanent stasis, dig shafts and tunnels, four strong arms, antennae 3
a: Dig, Shaft Self, Bend Time, Temporal Distortion, Slouch, Step From Time,
Renounce Religion, Evoke Flight


You were on level 12 of the Dungeon.
You worshipped Cheibriados.
Cheibriados was extremely pleased with you.
You were hungry.

You visited 2 branches of the dungeon, and saw 11 of its levels.

You collected 440 gold pieces.

Inventory:

Hand weapons
 a - a +0 war axe (weapon)
 t - a +1 whip of electrocution
Missiles
 J - a throwing net (quivered)
Armour
 c - a +0 shield (worn)
 l - a cursed +0 cloak (worn)
 r - a +0 pair of boots (worn)
 y - a +0 plate armour (worn)
 L - a +2 cloak
Jewellery
 h - an uncursed ring of poison resistance {unknown}
 M - the ring "Gruyfoal" (left hand) {+Fly rF- MR- Dex+2 SInv Stlth+}
   (You found it on level 6 of the Dungeon)

   [ring of flight]

   It affects your dexterity (+2).
   It makes you vulnerable to fire.
   It affects your resistance to hostile enchantments.
   It enhances your eyesight.
   It lets you fly.
   It makes you more stealthy.
 P - an amulet of stasis (around neck)
Magical devices
 k - a wand of enslavement (9)
 G - a wand of teleportation (0)
Scrolls
 b - 2 scrolls of noise {unknown}
 i - 3 scrolls of magic mapping {unknown}
 m - 3 scrolls of recharging {unknown}
 n - 2 scrolls of teleportation {unknown}
 o - 9 scrolls of identify {unknown}
 q - a scroll of fog {unknown}
 w - 2 scrolls of enchant armour {unknown}
 C - a scroll of random uselessness {unknown}
 I - a scroll of amnesia {unknown}
Potions
 e - 2 potions of might
 f - a potion of restore abilities {unknown}
 j - 2 potions of curing {unknown}
 p - 3 potions of mutation {unknown}
 s - a potion of magic {unknown}
 u - a potion of brilliance {unknown}
 v - a potion of poison {unknown}
 x - a potion of resistance {unknown}
 z - 2 potions of agility {unknown}
 A - 2 potions of cancellation
 E - a potion of lignification {unknown}
 K - a potion of heal wounds {unknown}
Books
 D - a book of Burglary

   Spells                             Type                      Level
   a - Swiftness                      Charms/Air                   2
   b - Passwall                       Transmutation/Earth          3
   c - Passage of Golubria            Translocation                4
   d - Lee's Rapid Deconstruction     Earth                        5
   e - Invisibility                   Hexes                        6
   f - Darkness                       Hexes                        7
Comestibles
 d - 5 bread rations
 g - 6 meat rations
 B - a chunk of flesh
 F - 7 fruits
 H - 2 royal jellies
 N - 2 slices of pizza
 O - a beef jerky


   Skills:
 - Level 5.0 Fighting
 * Level 10.9 Axes
 - Level 5.0 Armour
 - Level 9.0 Shields
 + Level 4.0 Invocations


You had 9 spell levels left.
You didn't know any spells.

Dungeon Overview and Level Annotations

Branches:
Dungeon (12/15)            Temple (1/1) D:4
   Lair: D:8-11         Orc: D:9-12

Altars:
Cheibriados
Dithmenos
Elyvilon
Fedhas
Makhleb
Nemelex Xobeh
Ru
Vehumet
Xom
Yredelemnul
The Shining One

Annotations:
D:12 Nessos


Innate Abilities, Weirdness & Mutations

You are under a permanent stasis effect.
You can dig through walls and to a lower floor.
Your four strong arms can wield two-handed weapons with a shield.
You have a pair of large antennae on your head (SInv).


Message History

* * * LOW HITPOINT WARNING * * *
You feel sick.
Nessos shouts!
Nessos stands on his hind legs for a moment.
Nessos wields a longbow of flaming.
It bursts into flame!
Nessos shoots a poisoned arrow.
The poisoned arrow barely misses you.
Nessos shoots a poisoned arrow.
The poisoned arrow hits you but does no damage.
You are lethally poisoned!
Found a scroll labeled VAUR OPETIMNESE.
You see here 2 poisoned arrows.
Use which ability? (? or * to list) Are you sure you want to shaft yourself?
You are feeling hungry.
* * * LOW HITPOINT WARNING * * *
You feel sick.
You begin to dig a shaft.
You continue digging a shaft.
* * * LOW HITPOINT WARNING * * *
You feel sick.
Nessos shoots a poisoned arrow.
The poisoned arrow hits you!
You die...

... ......+
.....?.# ........#
.........#
..c......#
.........# #
#......# .#
..#####@##..#####
..................
.................
................
...............)
...............
.............
........###
.......#


You could see Nessos.

Vanquished Creatures
  2 trolls
  Eustachio (D:4)
  A water moccasin (D:3)
  3 sky beasts
  A phantom (D:4)
  3 ice beasts
  A necrophage (D:8)
  2 ogres
  3 centaurs
  Duvessa (D:8)
  3 giant frogs (D:7)
  Blork the orc (D:5)
  2 big kobolds (D:7)
  A water moccasin skeleton (D:6)
  3 scorpions
  4 wights (D:8)
  Dowan (D:8)
  2 crimson imps
  A giant frog zombie (D:6)
  An orc priest (D:4)
  2 goliath beetles (D:6)
  Crazy Yiuf (D:6)
  A gnoll shaman (D:6)
  A giant frog skeleton (D:5)
  4 hounds
  A centaur skeleton (D:7)
  2 orc wizards (D:8)
  An iguana (D:8)
  6 worker ants
  A killer bee zombie (D:8)
  A hound skeleton (D:5)
  A worker ant zombie (D:8)
  5 gnolls
  9 adders
  4 river rats (D:4)
  A giant mite (D:8)
  2 shadow imps
  A worm (D:3)
  An adder skeleton (D:9)
  An adder zombie (D:8)
  3 oozes
  24 orcs
  9 bats
  4 giant cockroaches
  13 hobgoblins
  4 jackals
  2 ball pythons
  5 giant geckos
  8 giant newts
  12 goblins
  28 kobolds
  4 quokkas
  18 rats
  A ballistomycete (D:7)
  5 plants (D:4)
223 creatures vanquished.

Vanquished Creatures (others)
  An adder (D:4)
  A giant cockroach (D:4)
  A giant spore (D:7)
  A kobold (D:7)
  A rat (D:4)
  A plant (D:4)
6 creatures vanquished.

Grand Total: 229 creatures vanquished

Notes
Turn   | Place    | Note
--------------------------------------------------------------
     0 | D:1      | Ladykiller69, the Formicid Fighter, began the quest for the Orb.
     0 | D:1      | Reached XP level 1. HP: 18/18 MP: 1/1
   290 | D:1      | Reached XP level 2. HP: 18/24 MP: 3/3
   595 | D:1      | Reached XP level 3. HP: 29/29 MP: 4/4
   998 | D:2      | Reached skill level 4 in Shields
  1570 | D:3      | Noticed a water moccasin
  1582 | D:3      | Killed a water moccasin
  1582 | D:3      | Reached XP level 4. HP: 20/37 MP: 5/5
  1582 | D:3      | Reached XP level 5. HP: 22/42 MP: 7/7
  2574 | D:4      | Reached XP level 6. HP: 37/48 MP: 8/8
  2718 | D:4      | Found a shimmering altar of Xom.
  2738 | D:4      | Noticed Eustachio
  2780 | D:4      | Reached skill level 5 in Shields
  2837 | D:4      | Killed Eustachio
  2837 | D:4      | Reached skill level 5 in Axes
  2837 | D:4      | Reached XP level 7. HP: 48/55 MP: 9/9
  2932 | D:4      | Found a radiant altar of Vehumet.
  3670 | D:4      | Found a staircase to the Ecumenical Temple.
  3896 | Temple   | Entered the Ecumenical Temple
  3908 | Temple   | Became a worshipper of Cheibriados the Contemplative
  3973 | D:5      | Entered Level 5 of the Dungeon
  4038 | D:5      | Found a blossoming altar of Fedhas.
  4117 | D:5      | Found a burning altar of Makhleb.
  4213 | D:5      | Reached skill level 5 in Fighting
  4213 | D:5      | Reached skill level 5 in Armour
  4236 | D:5      | Reached skill level 6 in Axes
  4236 | D:5      | Reached XP level 8. HP: 44/62 MP: 11/11
  4429 | D:5      | Noticed Blork the orc
  4441 | D:5      | Killed Blork the orc
  4441 | D:5      | Acquired Cheibriados' first power
  4530 | D:5      | Reached skill level 7 in Axes
  5057 | D:6      | Noticed a troll
  5083 | D:6      | You fall through a shaft!
  5708 | D:8      | Reached XP level 9. HP: 21/68 MP: 12/12
  5978 | D:6      | Killed a troll
  5978 | D:6      | Reached skill level 8 in Axes
  6174 | D:6      | Got a coiled tin ring
  6332 | D:6      | Found a shimmering altar of Xom.
  6332 | D:6      | Found a glowing golden altar of the Shining One.
  6410 | D:6      | Reached skill level 9 in Axes
  6804 | D:6      | Noticed Crazy Yiuf
  6811 | D:6      | Killed Crazy Yiuf
  6821 | D:6      | Identified the ring "Gruyfoal" {+Fly rF- MR- Dex+2 SInv Stlth+} (You found it on level 6 of the Dungeon)
  6918 | D:6      | Acquired Cheibriados' second power
  7709 | D:8      | Acquired Cheibriados' third power
  7838 | D:8      | Reached skill level 10 in Axes
  7838 | D:8      | Reached skill level 1 in Invocations
  7838 | D:8      | Reached XP level 10. HP: 69/74 MP: 15/15
  7967 | D:8      | Noticed Duvessa
  7976 | D:8      | Noticed Dowan
  7976 | D:8      | Killed Duvessa
  7982 | D:8      | Killed Dowan
  8056 | D:8      | Noticed a troll
  8062 | D:8      | Killed a troll
  8279 | D:9      | Acquired Cheibriados' fourth power
  8316 | D:9      | Found a shadowy altar of Dithmenos.
  8337 | D:9      | You fall through a shaft for 3 floors!
  8338 | D:12     | Noticed Nessos
  8340 | D:12     | Shot with a poisoned arrow by Nessos

Action                   |  1- 3 |  4- 6 |  7- 9 | 10-12 || total
-------------------------+-------+-------+-------+-------++-------
Melee: War axe           |   125 |   169 |   477 |    92 ||   863
 Abil: Dig               |     2 |     6 |    16 |     4 ||    28
       Shaft Self        |       |       |     1 |     2 ||     3
  Use: Potion            |       |       |       |     1 ||     1
 Stab: Distracted        |       |       |     1 |       ||     1
  Eat: Chunk             |     2 |     3 |    13 |     2 ||    20
       Beef jerky        |       |     1 |     1 |       ||     2
       Pizza             |       |       |     1 |       ||     1
